 Dungeon Crawl Stone Soup version 0.25.0-9-g26727b657a (webtiles) character file.

Game seed: 8312257547958096849

412 DunjonMajik the Shield-Bearer (level 7, 0/52 HPs)
             Began as a Formicid Fighter on June 19, 2020.
             Slain by a phantom (2 damage)
             ... on level 4 of the Dungeon.
             The game lasted 00:07:13 (4316 turns).

DunjonMajik the Shield-Bearer (Formicid Fighter)    Turns: 4316, Time: 00:07:13

Health: 0/52       AC:  5    Str: 22    XL:     7   Next: 14%
Magic:  7/7        EV: 10    Int:  8    God:
Gold:   202        SH: 10    Dex: 10    Spells: 6/6 levels left

rFire    + . .     SeeInvis +   a - +0 war axe
rCold    . . .     Gourm    .   c - +0 kite shield
rNeg     . . .     Faith    .   v - +0 troll leather armour {Purgy}
rPois    .         Spirit   .   (helmet unavailable)
rElec    .         Reflect  .   i - scarf {repulsion}
rCorr    .         Harm     .   (no gloves)
MR       .....                  n - +0 pair of boots
Stlth    +.........             (no amulet)
HPRegen  0.57/turn              s - ring of protection from fire
MPRegen  0.10/turn              (no ring)

@: repel missiles
A: permanent stasis, dig shafts and tunnels, four strong arms, antennae 3
a: Dig, Shaft Self


You were on level 4 of the Dungeon.
You were not hungry.

You visited 1 branch of the dungeon, and saw 4 of its levels.
You also visited: Sewer.

You collected 202 gold pieces.

Inventory:

Hand Weapons
 a - a +0 war axe (weapon)
Armour
 b - a +0 scale mail
 c - a +0 kite shield (worn)
 e - a scarf of harm
 i - a scarf of repulsion (worn)
 n - a +0 pair of boots (worn)
 v - a +0 troll leather armour (worn) {Purgy}
Jewellery
 s - a ring of protection from fire (left hand)
Wands
 u - a wand of acid (6)
Scrolls
 g - 3 scrolls of amnesia {unknown}
 j - 2 scrolls of remove curse {unknown}
 k - a scroll of magic mapping {unknown}
 o - 2 scrolls of identify {unknown}
 r - a scroll of enchant weapon {unknown}
 y - 2 scrolls of fear {unknown}
Potions
 d - a potion of might
 h - 2 potions of curing {unknown}
 l - 2 potions of flight {unknown}
 m - a potion of stabbing {unknown}
 p - a potion of mutation {unknown}
 q - a potion of resistance {unknown}
 w - a potion of heal wounds {unknown}
 x - a potion of berserk rage {unknown}
Comestibles
 f - 8 rations
 t - a chunk of flesh


   Skills:
 - Level 3.2 Fighting
 - Level 5.1 Axes
 - Level 3.2 Armour
 + Level 6.9 Shields
 + Level 0.2 Evocations


You had 6 spell levels left.
You didn't know any spells.
Your spell library was empty.

Dungeon Overview and Level Annotations

Branches:
Dungeon (4/15)              Sewer (visited)
 Temple: D:4-7

Altars:
Gozag
Vehumet


Innate Abilities, Weirdness & Mutations

You cannot be hasted, slowed, berserked, paralysed or teleported.
You can dig through walls and to a lower floor.
Your four strong arms can wield two-handed weapons with a shield.
You have a pair of large antennae on your head. (SInv)


Message History

You closely miss the orc priest.
The orc priest is moderately wounded.
You block the orc priest's attack. You block the orc's attack.
You block the orc priest's attack.
You hit the orc priest but do no damage.
The orc priest is moderately wounded.
You block the orc's attack. You block the orc priest's attack.
The orc hits you from afar with a +0 trident!
* * * LOW HITPOINT WARNING * * *
You hit the orc priest.
The orc priest is severely wounded.
The orc priest mumbles some strange prayers to Beogh against you.
Beogh smites you!
* * * LOW HITPOINT WARNING * * *
The orc hits you but does no damage.
You hit the orc priest.
The orc priest is severely wounded.
You barely miss the phantom. The orc priest barely misses you.
The phantom hits you.
You die...

#.........#
#.........#
#.......(.#
#.........# #####
#........ ....#
#......# ....#
#......# ....#
#....W.# ....#
#....@.#
....########....o)#
.............####o#{
############.# o.. {
#.# #.#.# #.# $# #
#.# .. { #.# #.. ..#


You could see a phantom, an orc priest and 2 orcs.

Vanquished Creatures
  Purgy (Sewer)
  Natasha (D:3)
  An iguana (D:3)
  Robin (D:2)
  8 gnolls
  6 adders
  4 worms
  A dart slug (D:1)
  5 leopard geckos
  5 orcs
  2 ball pythons
  6 giant cockroaches
  9 goblins
  15 hobgoblins
  5 jackals
  A quokka (D:4)
  14 bats
  4 frilled lizards
  A jackal skeleton (D:4)
  7 kobolds
  11 rats
108 creatures vanquished.

Notes
Turn   | Place    | Note
-------+----------+-------------------------------------------
     0 | D:1      | DunjonMajik the Formicid Fighter began the quest for the
                  | Orb.
     0 | D:1      | Reached XP level 1. HP: 18/18 MP: 1/1
    26 | D:1      | Reached XP level 2. HP: 21/24 MP: 2/2
   209 | D:1      | Reached XP level 3. HP: 29/29 MP: 3/3
   780 | D:2      | Noticed Robin
  1084 | D:2      | Killed Robin
  1084 | D:2      | Reached XP level 4. HP: 31/35 MP: 4/4
  1226 | D:2      | Reached XP level 5. HP: 19/41 MP: 5/5
  1535 | D:2      | Found a radiant altar of Vehumet.
  1587 | D:2      | Reached skill level 5 in Axes
  2269 | D:3      | Reached skill level 4 in Shields
  2554 | D:3      | Found an opulent altar of Gozag.
  2875 | D:3      | Reached XP level 6. HP: 43/47 MP: 6/6
  3065 | D:3      | Reached skill level 5 in Shields
  3569 | D:3      | Noticed Natasha
  3580 | D:3      | Killed Natasha
  3761 | D:4      | Reached skill level 6 in Shields
  3839 | D:4      | Found a glowing drain.
  3930 | Sewer    | Entered a sewer
  4093 | Sewer    | Noticed Purgy
  4099 | Sewer    | Killed Purgy
  4099 | Sewer    | Reached XP level 7. HP: 51/52 MP: 7/7
  4315 | D:4      | HP: 1/52 [orc priest/divine providence (14)]
  4316 | D:4      | Slain by a phantom

Illustrated notes

Levels and vault maps discovered:
D:1:      minmay_arrival_four_circles, layout_basic
D:2:      layout_loops_corners, lemuel_round_altar, uniq_robin
D:3:      layout_basic, grunt_gozag_breadcrumbs, uniq_natasha
D:4:      layout_basic, grunt_temple_overflow_holy_war,
          chequers_temple_overflow_statue_of_worship,
          gammafunk_ghost_necromancy, gup_sewer_entry_spiral,
          minmay_goblin_kobold_house

Skill      XL: |  1  2  3  4  5  6 |
---------------+-------------------+-----
Axes           | 3 4 5 |  5.1
Shields        | 4 6 |  6.9
Fighting       | |  3.2
Armour         | |  3.2
Evocations     | |  0.2

Action                   |  1- 3 |  4- 6 |  7- 9 || total
-------------------------+-------+-------+-------++-------
Melee: War axe           |   110 |   248 |    15 ||   373
Evoke: Wand              |       |     3 |       ||     3
  Eat: Chunk             |       |    11 |     1 ||    12
Armor: Scale mail        |    67 |   127 |       ||   194
       Troll leather arm |       |       |     6 ||     6
Dodge: Dodged            |    34 |    95 |     8 ||   137
       Repelled          |     1 |     2 |       ||     3
Block: Kite shield       |    69 |   153 |    11 ||   233
